 Dungeon Crawl Stone Soup version 0.29.1-13-g9f3cf754e1 (webtiles) character file.

Game seed: 5512944091145988116

44846 GeoRichter the Grappler (level 13, -14/111 HPs)
             Began as a Demonspawn Fighter on Jan 20, 2023.
             Was an Initiate of Gozag.
             Killed from afar by an oklob plant (23 damage)
             ... with a splash of acid
             ... on level 5 of the Lair of Beasts.
             The game lasted 00:34:03 (13496 turns).

GeoRichter the Grappler (Demonspawn Fighter)       Turns: 13496, Time: 00:34:03

Health: -14/111    AC:  0    Str: 21    XL:     13   Next: 98%
Magic:  0/13       EV: 11    Int: 11    God:    Gozag
Gold:   2620       SH:  6    Dex: 12    Spells: 12/12 levels left

rFire   . . .      SeeInvis .     - Unarmed
rCold   . . .      Faith    .   c - +1 buckler
rNeg    . . .      Spirit   +   y - +0 plate armour
rPois   .          Reflect  .   n - +0 helmet
rElec   .          Harm     .   E - +1 cloak
rCorr   .          Rampage  .   (gloves unavailable)
Will    +....                   (no boots)
Stlth   ..........              i - amulet of regeneration
HPRegen 1.08/turn               H - +4 ring of evasion
MPRegen 0.26/turn               d - ring of willpower

@: corroded
A: claws 3, yellow scales 1, powered by death 1, magic shield, magic
regeneration
a: Renounce Religion, Potion Petition, Call Merchant, Bribe Branch


You were on level 5 of the Lair of Beasts.
You worshipped Gozag.
Gozag was most pleased with you.
You visited 3 branches of the dungeon, and saw 15 of its levels.

You collected 3903 gold pieces.
You paid 1283 gold pieces to Gozag.

Inventory:

Hand Weapons
 a - a +5 morningstar of freezing
   (You took it off a wight on level 5 of the Dungeon)
Missiles
 r - 96 stones (quivered)
 I - 2 curare-tipped darts {!f}
 O - a javelin
 R - a throwing net {!f}
Armour
 c - a +1 buckler (worn)
 n - a +0 helmet (worn)
   (You found it on level 2 of the Dungeon)
 y - a +0 plate armour (worn)
   (You found it on level 5 of the Dungeon)
 E - a +1 cloak (worn)
   (You found it on level 9 of the Dungeon)
Jewellery
 d - a ring of willpower (right claw)
   (You found it on level 5 of the Dungeon)
 i - an amulet of regeneration (around neck)
   (You found it on level 1 of the Dungeon)
 H - a +4 ring of evasion (left claw)
   (You found it on level 9 of the Dungeon)
 L - a ring of willpower
   (You found it on level 3 of the Lair of Beasts)
 N - a ring of positive energy
   (You found it on level 3 of the Lair of Beasts)
Wands
 w - a wand of polymorph (19)
   (You found it on level 4 of the Dungeon)
 A - a wand of mindburst (11)
   (You found it on level 3 of the Lair of Beasts)
 G - a wand of iceblast (17)
   (You took it off a wight on level 9 of the Dungeon)
 K - a wand of digging (8)
   (You found it on level 2 of the Lair of Beasts)
Scrolls
 e - 4 scrolls of magic mapping
 f - 2 scrolls of enchant armour
 g - 5 scrolls of noise {!r}
 h - 3 scrolls of fear
 l - 3 scrolls of torment {!r}
 m - 4 scrolls of amnesia
 o - 4 scrolls of immolation {!r}
 q - a scroll of teleportation {@r4}
 v - 3 scrolls of vulnerability {!r}
 B - a scroll of identify {@r1}
 C - 2 scrolls of enchant weapon
 M - a scroll of brand weapon {unknown}
Potions
 b - 2 potions of attraction {!q}
 j - 2 potions of magic
 k - 3 potions of curing {@q1}
 p - 3 potions of haste {@q3}
 s - 2 potions of lignification {!q}
 t - a potion of resistance
 u - a potion of heal wounds {@q2}
 x - a potion of invisibility {unknown}
 z - a potion of ambrosia {unknown}
 D - 3 potions of berserk rage
 F - a potion of brilliance {unknown}
 J - a potion of flight {unknown}
 P - a potion of cancellation {unknown}
 Q - 4 potions of mutation {!q}
 S - a potion of might


   Skills:
 * Level 13.0 Fighting
 - Level 2.8 Maces & Flails
 - Level 6.2 Throwing
 + Level 8.6 Armour
 - Level 4.0 Dodging
 + Level 5.3 Shields
 * Level 14.2 Unarmed Combat
 + Level 5.9 Evocations


You had 12 spell levels left.
You didn't know any spells.
Your spell library contained the following spells:

 Spells                   Type           Power      Damage    Failure   Level
 Beastly Appendage        Tmut           0%         N/A       100%        1
 Poisonous Vapours        Pois/Air       0%         N/A       100%        2
 Wereblood                Tmut           0%         N/A       100%        2
 Gell's Gravitas          Tloc           0%         N/A       100%        3
 Lesser Beckoning         Tloc           0%         N/A       100%        3
 Ozocubu's Armour         Ice            0%         N/A       100%        3
 Spider Form              Tmut/Pois      0%         N/A       100%        3
 Teleport Other           Tloc           0%         N/A       100%        3
 Tukima's Dance           Hex            0%         N/A       100%        3
 Passage of Golubria      Tloc           0%         N/A       100%        4
 Summon Lightning Spire   Summ/Air       0%         N/A       100%        4
 Summon Forest            Summ/Tloc      0%         N/A       100%        5
 Summon Mana Viper        Hex/Summ       0%         N/A       100%        5
 Yara's Violent Unravell  Hex/Tmut       0%         3d3       100%        5
 Summon Cactus Giant      Summ           0%         N/A       100%        6
 Ozocubu's Refrigeration  Ice            0%         4d7       100%        7
 Storm Form               Tmut/Air       0%         N/A       100%        7
 Maxwell's Capacitive Co  Air            0%         ∞         100%        8
 Corpse Rot               Necr/Pois/Air  Unusable   N/A       N/A         4

Dungeon Overview and Level Annotations

Branches:
Dungeon (9/15) Zot: 26156  Temple (1/1) D:4 Zot: 5982    Lair (5/5) D:9 Zot: 24295
  Swamp (0/4) Lair:2       Spider (0/4) Lair:3        Slime (0/5) Lair:4
    Orc: D:9-12

Altars:
Cheibriados
Dithmenos
Gozag
Hepliaklqana
Kikubaaqudgha
Ru
Sif Muna
Trog
Uskayaw
Vehumet
Wu Jian
Yredelemnul

Annotations:
D:3 3 runed translucent doors, Peloso's ghost, weakling MiFi
Lair:5 exclusion: oklob plant


Innate Abilities, Weirdness & Mutations

You have claws for hands.
You are partially covered in yellow scales. (AC +2)
You regenerate a little health from kills.
When hurt, damage is shared between your health and your magic reserves.
You regenerate magic rapidly.


Message History

Moving in this stuff is going to be slow.
You enter the shallow water.
Moving in this stuff is going to be slow.
Partly explored, can't reach some items and places.
Partly explored, can't reach some items and places.
Partly explored, can't reach some items and places.
Partly explored, can't reach some items and places.
Really walk into a travel-excluded area?
Found a scroll of identify.
The oklob plant spits acid at you. The splash of acid hits you!
The acid corrodes you!
Found a scale mail.
The oklob plant spits acid at you. The splash of acid hits you!!
The acid corrodes you!
You see here a scroll of identify {@r1}.
You claw the bush! You scratch the bush but do no damage. You mangle the bush!!
You claw the bush! You claw the bush! You scratch the bush.
You mangle the bush!! The oklob plant spits acid at you.
The splash of acid hits you! The acid corrodes you!
You scratch the bush but do no damage. You scratch the bush.
You scratch the bush but do no damage. The oklob plant spits acid at you.
The splash of acid hits you! The acid corrodes you!
You scratch the bush but do no damage. The oklob plant spits acid at you.
The splash of acid hits you! The acid corrodes you!
You scratch the bush. You scratch the bush but do no damage.
You scratch the bush. The oklob plant spits acid at you.
The splash of acid hits you!!
* * * LOW HITPOINT WARNING * * *
You claw the bush! The oklob plant spits acid at you.
The splash of acid hits you!!
* * * LOW HITPOINT WARNING * * *
The oklob plant spits acid at you. The splash of acid hits you!
* * * LOW HITPOINT WARNING * * *
The acid corrodes you! The oklob plant spits acid at you.
The splash of acid hits you!!
You die...
Your body crumbles into a pile of gold.

##.....P..~##~~## ##
##..........##~~##
####.##.........[..~....
##....P.#.#..###....§....
#.........#####......§...
...........###....§≈≈≈§..
..........P......≈≈##≈..
PPP............≈≈#§≈..
PPP?.@.........≈##§≈..
PPP............≈#§§≈..
...?.........P...≈≈≈§≈..
..[........####..........
...........## #..........
............ #...#.#..#.
#..........## ##.########
##......#P## #.## #
###### ###


You could see an oklob plant.

Vanquished Creatures
  Snorg (Lair:5)
  6 hydras
  A merfolk avatar (Lair:5)
  A two-headed ogre (D:9)
  10 death yaks (Lair:5)
  2 sea snakes (Lair:5)
  A deep elf pyromancer (D:9)
  A manticore (Lair:5)
  6 black mambas
  12 elephants
  9 cane toads
  11 komodo dragons
  A rime drake (Lair:5)
  4 polar bears (Lair:5)
  A troll (D:6)
  16 blink frogs
  A snapping turtle (Lair:5)
  7 dream sheep (Lair:4)
  Sigmund (D:3)
  A jumping spider (Lair:3)
  43 yaks
  Eustachio (D:5)
  10 wyverns
  2 basilisks
  2 steam dragons
  3 swamp worms (Lair:2)
  An acid dragon (D:9)
  10 water moccasins
  2 orc warriors
  2 ice beasts
  2 sky beasts (D:7)
  3 black bears
  7 wolves
  An ogre (D:6)
  A phantom (D:7)
  A centaur (D:8)
  2 kobold brigands
  10 bullfrogs
  2 necrophages
  2 scorpions (D:6)
  13 wights
  4 howler monkeys
  2 hounds
  3 jellies
  2 orc priests
  4 iguanas
  10 orc wizards
  11 hell rats
  4 adders
  A shadow imp (D:6)
  2 white imps
  An ufetubus (D:5)
  3 dart slugs
  28 orcs
  8 endoplasms
  A giant cockroach (D:3)
  4 goblins
  6 hobgoblins
  10 jackals
  22 kobolds
  8 quokkas
  5 ball pythons
  6 bats
  2 frilled lizards
  5 rats (D:1)
365 creatures vanquished.

Vanquished Creatures (collateral kills)
  A gargoyle (D:9)
  A wight (D:9)
  An orc priest (D:9)
  An orc wizard (D:9)
  2 orcs (D:9)
6 creatures vanquished.

Vanquished Creatures (others)
  An orc (D:5)
  29 fungi
  41 plants
71 creatures vanquished.

Grand Total: 442 creatures vanquished

Notes
Turn   | Place    | Note
-------+----------+-------------------------------------------
     0 | D:1      | GeoRichter the Demonspawn Fighter began the quest for the
                  | Orb.
     0 | D:1      | Reached XP level 1. HP: 18/18 MP: 1/1
   228 | D:1      | Gained mutation: You regenerate magic rapidly. [demonic
                  | ancestry]
   228 | D:1      | Reached XP level 2. HP: 23/24 MP: 2/2
   665 | D:1      | Gained mutation: You have sharp fingernails. [demonic
                  | ancestry]
   665 | D:1      | Reached XP level 3. HP: 29/29 MP: 3/3
   716 | D:1      | Found a faded altar of an unknown god.
  1012 | D:2      | Reached skill level 1 in Unarmed Combat
  1478 | D:3      | Found a runed translucent gate.
  1479 | D:3      | Found a runed translucent gate.
  1481 | D:3      | Found a runed translucent gate.
  1593 | D:3      | Reached XP level 4. HP: 35/35 MP: 4/4
  1655 | D:3      | Found a shimmering blue altar of Sif Muna.
  1655 | D:3      | Found an ornate altar of the Wu Jian Council.
  1714 | D:3      | Reached skill level 2 in Unarmed Combat
  1738 | D:3      | Noticed Sigmund
  1751 | D:3      | Killed Sigmund
  1752 | D:3      | Reached skill level 4 in Unarmed Combat
  1752 | D:3      | Gained mutation: You have very sharp fingernails. [demonic
                  | ancestry]
  1752 | D:3      | Reached XP level 5. HP: 24/41 MP: 5/5
  2177 | D:3      | Found an opulent altar of Gozag.
  2177 | D:3      | Noticed Peloso's ghost (weakling MiFi)
  2402 | D:4      | Gained mutation: You have claws for hands. [demonic
                  | ancestry]
  2402 | D:4      | Reached XP level 6. HP: 23/47 MP: 6/6
  2706 | D:4      | Found a snail-covered altar of Cheibriados.
  2813 | D:4      | Reached skill level 5 in Unarmed Combat
  3037 | D:4      | Found a staircase to the Ecumenical Temple.
  3052 | Temple   | Entered the Ecumenical Temple
  3061 | Temple   | Became a worshipper of Gozag Ym Sagoz the Greedy
  3273 | D:5      | Entered Level 5 of the Dungeon
  3524 | D:5      | Reached skill level 1 in Evocations
  3777 | D:5      | Noticed Eustachio
  3789 | D:5      | Killed Eustachio
  3790 | D:5      | Gained mutation: You regenerate a little health from kills.
                  | [demonic ancestry]
  3790 | D:5      | Reached XP level 7. HP: 54/54 MP: 7/7
  3914 | D:5      | Reached skill level 6 in Unarmed Combat
  3943 | D:5      | Noticed a shadow
  3944 | D:5      | Found a shadowy altar of Dithmenos.
  3945 | D:5      | Found a hazy altar of Hepliaklqana.
  4185 | D:5      | Reached skill level 1 in Throwing
  4249 | D:6      | Noticed a troll
  4249 | D:6      | an ogre changed into a troll
  4294 | D:6      | Reached XP level 8. HP: 61/61 MP: 8/8
  4318 | D:5      | Reached skill level 5 in Fighting
  4435 | D:6      | Reached skill level 7 in Unarmed Combat
  4450 | D:6      | Killed a troll
  4764 | D:6      | Reached skill level 8 in Unarmed Combat
  4793 | D:6      | You fall into a shaft and drop 1 floor!
  4855 | D:7      | Reached XP level 9. HP: 69/69 MP: 9/9
  5569 | D:7      | Noticed Maggie
  5570 | D:7      | Noticed Maggie
  5570 | D:7      | Maggie changed into Maggie the iguana
  5575 | D:7      | Killed Maggie the iguana
  5750 | D:7      | Reached skill level 9 in Unarmed Combat
  6330 | D:8      | Gained mutation: When hurt, damage is shared between your
                  | health and your magic reserves. [demonic ancestry]
  6330 | D:8      | Reached XP level 10. HP: 79/79 MP: 10/10
  6600 | D:8      | Reached skill level 10 in Unarmed Combat
  7047 | D:9      | Noticed a gargoyle
  7063 | D:9      | Noticed a two-headed ogre
  7077 | D:9      | Killed a gargoyle
  7330 | D:9      | Found a staircase to the Lair.
  7342 | D:9      | Reached skill level 5 in Shields
  7433 | D:9      | Noticed a deep elf pyromancer
  7447 | D:9      | Killed a deep elf pyromancer
  7448 | D:9      | Reached skill level 5 in Armour
  7537 | D:9      | Killed a two-headed ogre
  7538 | D:9      | Reached skill level 11 in Unarmed Combat
  7663 | Lair:1   | Entered Level 1 of the Lair of Beasts
  7704 | Lair:1   | Noticed a cane toad
  7709 | Lair:1   | Killed a cane toad
  7710 | Lair:1   | Reached skill level 1 in Dodging
  7734 | Lair:1   | Reached XP level 11. HP: 86/87 MP: 9/11
  8275 | Lair:1   | Noticed a five-headed hydra
  8286 | Lair:1   | Killed a five-headed hydra
  8730 | Lair:2   | Noticed an eight-headed hydra
  8737 | Lair:2   | Killed an eight-headed hydra
  9182 | Lair:2   | Reached skill level 12 in Unarmed Combat
  9203 | Lair:2   | Reached skill level 10 in Fighting
  9379 | Lair:2   | Reached XP level 12. HP: 53/97 MP: 6/12
  9496 | Lair:2   | Noticed a five-headed hydra
  9508 | Lair:2   | Killed a five-headed hydra
  9567 | Lair:2   | Noticed a five-headed hydra
  9589 | Lair:2   | Killed a five-headed hydra
  9622 | Lair:2   | Found a staircase to the Swamp.
  9852 | Lair:3   | Noticed a six-headed hydra
  9864 | Lair:3   | Killed a six-headed hydra
 10251 | Lair:3   | Found a hole to the Spider Nest.
 10344 | Lair:3   | Noticed a five-headed hydra
 10354 | Lair:3   | Killed a five-headed hydra
 10947 | Lair:4   | Found a staircase to the Slime Pits.
 11095 | Lair:4   | Reached skill level 13 in Unarmed Combat
 11099 | Lair:4   | Reached skill level 5 in Throwing
 11400 | Lair:4   | Gained mutation: You are partially covered in yellow
                  | scales. (AC +2) [demonic ancestry]
 11400 | Lair:4   | Reached XP level 13. HP: 98/107 MP: 13/13
 11919 | Lair:5   | Entered Level 5 of the Lair of Beasts
 12185 | Lair:5   | Reached skill level 5 in Evocations
 12652 | Lair:5   | Reached skill level 14 in Unarmed Combat
 12685 | Lair:5   | Noticed Nessos
 12708 | Lair:5   | Noticed Nessos
 12708 | Lair:5   | Nessos changed into Nessos the snapping turtle
 12721 | Lair:5   | Killed Nessos the snapping turtle
 12905 | Lair:5   | Identified the +6 falchion of Jyahass {distort, Fly rC-
                  | Dex+4}
 12935 | Lair:5   | Noticed Snorg
 13177 | Lair:5   | HP: 1/109 [Snorg (16)]
 13188 | Lair:5   | Killed Snorg
 13496 | Lair:5   | Killed from afar by an oklob plant

Illustrated notes

Levels and vault maps discovered:
D:1:      lightli_arrival_lavapool, layout_rooms,
          shapermc_ecumenical_altar_notcrosses, minmay_pentomino_u4
D:2:      layout_basic
D:3:      layout_basic, gammafunk_temple_overflow_elements, ebering_ghost_gozag,
          minivault_19, uniq_sigmund
D:4:      layout_loops_corners, lemuel_crystal_altar,
          minmay_temple_entry_statues_pillars, serial_glass, glass_columns_a,
          glass_columns_b
D:5:      layout_loops_cross, riverfiend_overflow_shadow_ancestor,
          uniq_eustachio
D:6:      layout_rooms, lemuel_flamethrower_1
D:7:      layout_loops_corners, uniq_maggie
D:8:      layout_loops_ring, due_unseen_surprise
D:9:      layout_cross, dpeg_oklobed_lair
Temple:   lightli_temple_of_artemis
Lair:1:   layout_regular_city
Lair:2:   layout_loops_ring, palyth_hydra_swamp_entry, lemuel_fruit_tree
Lair:3:   layout_chaotic_city, spider_nest_entry_rubble, serial_bayou_crossing
Lair:4:   layout_regular_city, nicolae_slime_entry_slimehenge,
          guppyfry_lair_drakes, grunt_megastairs_3
Lair:5:   gammafunk_lair_ancient_temple, layout_gridlike,
          minmay_lair_oklob_bushes, uniq_nessos, uniq_snorg

Skill      XL: |  1  2  3  4  5  6  7  8  9 10 11 12 13 |
---------------+----------------------------------------+-----
Maces & Flails | 2 |  2.8
Unarmed Combat | 1 4 5 6 8 9 11 12 13 14 | 14.2
Evocations     | 1 2 4 5 |  5.9
Fighting       | 4 6 7 8 10 11 13 | 13.0
Throwing       | 1 3 4 5 6 |  6.2
Armour         | 3 5 6 7 8 |  8.6
Shields        | 3 5 |  5.3
Dodging        | 1 3 4 |  4.0

Action                   |  1- 3 |  4- 6 |  7- 9 | 10-12 | 13-15 || total
-------------------------+-------+-------+-------+-------+-------++-------
Melee: Flail             |    91 |       |       |       |       ||    91
       Unarmed           |    37 |   147 |   269 |   590 |   346 ||  1389
       Morningstar       |       |       |       |    35 |       ||    35
Throw: Stone             |       |       |    17 |       |     7 ||    24
       Javelin           |       |       |     4 |    14 |     2 ||    20
Invok: Potion Petition   |       |       |       |     1 |     2 ||     3
Evoke: Wand              |       |       |     2 |    23 |     4 ||    29
  Use: Potion            |       |     2 |     2 |     2 |     6 ||    12
       Scroll            |       |     1 |    13 |     8 |     6 ||    28
 Stab: Distracted        |     1 |       |     1 |     3 |     3 ||     8
       Confused          |       |       |       |     1 |       ||     1
       Held in net/web   |       |       |       |     1 |       ||     1
Armor: Scale mail        |    69 |    42 |       |       |       ||   111
       Plate armour      |       |     9 |   127 |   255 |   105 ||   496
Dodge: Dodged            |    55 |    37 |    34 |   223 |    97 ||   446
Block: Buckler           |    37 |    11 |    63 |   140 |    58 ||   309
